 Dungeon Crawl Stone Soup version bcrawl-1.37.2 (webtiles) character file.

Game seed: 5722531175863708470

144475 Leeroy the Slasher (level 3, -3/21 HPs)
             Began as a Vine Stalker Skald on Jan 31, 2023.
             Slain by a kobold
             ... wielding a +2 whip of electrocution
              (20 damage)
             ... on level 2 of the Dungeon.
             The game lasted 00:02:09 (858 turns).

Leeroy the Slasher (Vine Stalker Skald)              Turns: 858, Time: 00:02:10

Health: -3/21      AC:  6    Str: 13    XL:     3   Next: 62%
Magic:  7/7        EV: 12    Int: 13    God:
Gold:   47         SH:  1    Dex: 14    Spells: 2/6 levels left

rFire    + . .     GDR:     26% a - +0 long sword
rCold    . . .     SeeInvis .   (no shield)
rNeg     . . .     Gourm    .   m - +2 leather armour {rF+}
rPois    .         Faith    .   h - +0 helmet
rElec    .         Spirit   .   (no cloak)
rCorr    .         Reflect  .   (no gloves)
MR       .....                  (no boots)
Stlth    +.........             d - amulet of magic regeneration
HPRegen  0.53/turn              (no ring)
MPRegen  0.18/turn              (no ring)

@: no status effects
A: fangs 2, regeneration 1, no potion heal 3, rot immunity, strong jaws
a: no special abilities


You were on level 2 of the Dungeon.
You were hungry.

You visited 1 branch of the dungeon, and saw 2 of its levels.

You collected 47 gold pieces.

Inventory:

Hand Weapons
 a - a +0 long sword (weapon)
Armour
 b - a +0 leather armour
 h - a +0 helmet (worn)
 m - a +2 leather armour of fire resistance (worn)
Jewellery
 d - an amulet of magic regeneration (around neck)
 l - an uncursed ring of protection from cold {unknown}
Scrolls
 f - a scroll of fear
 i - a scroll of remove curse {unknown}
 j - a scroll of teleportation {unknown}
Potions
 c - a potion of cancellation {unknown}
 g - 2 potions of lignification {unknown}
 k - a potion of agility {unknown}
Comestibles
 e - 3 rations {!d}


   Skills:
 - Level 1.7 Fighting
 - Level 3.3 Long Blades
 - Level 0.7 Armour
 - Level 2.1 Dodging
 - Level 2.1 Spellcasting
 + Level 0.7 Hexes
 - Level 3.0 Charms


You had 2 spell levels left.
You knew the following spells:

 Your Spells              Type           Power        Failure   Level  Hunger
a - Infusion              Chrm           #.......     10%         1    None
b - Spectral Weapon       Hex/Chrm       #.......     41%         3    ####...

Your spell library contained the following spells:

 Spells                   Type           Power        Failure   Level  Hunger
 Song of Slaying          Chrm           #.......     14%         2    ##.....
 Swiftness                Chrm/Air       #.......     26%         2    ##.....
 Ozocubu's Armour         Chrm/Ice       #.......     45%         3    ####...
 Regeneration             Chrm/Necr      #.........   45%         3    ####...


Dungeon Overview and Level Annotations

Branches:
Dungeon (2/12)

Altars:


Innate Abilities, Weirdness & Mutations

You have extremely sharp teeth.
Your natural rate of healing is unusually fast.
Potions cannot restore your health.
You are immune to rotting.
Your bites deal extra damage.


Message History

A kobold is nearby!
The kobold shouts!
A jackal comes into view.
The jackal barks!
The kobold hits you but does no damage.
You closely miss the kobold. Your bite misses the kobold.
The kobold hits you but does no damage.
You closely miss the jackal. Your bite misses the jackal.
The jackal closely misses you. The kobold barely misses you.
You barely miss the jackal.
The jackal bites you but does no damage.
The kobold hits you with a +2 whip of electrocution.
The jackal closely misses you.
You hit the jackal.
The jackal is moderately wounded.
The jackal barely misses you.
The kobold hits you with a +2 whip of electrocution.
You are electrocuted!!
Ouch! That really hurt!
You die...

#### ..# #. ..# ..#
##.# #.# #hK# #.#
#@# ###.# #.# ...#
#.# # #.#######.#.#
#......)..(.#
#...#.#######
.#######.#..# ###
............# #####
#<#
########.#..####...#
#.#


You could see a jackal and a kobold.

Vanquished Creatures
  2 oozes
  A worm (D:1)
  4 leopard geckos
  6 bats (D:1)
  2 goblins (D:1)
  4 hobgoblins (D:1)
  2 jackals (D:1)
  A frilled lizard (D:1)
  2 kobolds (D:1)
  5 rats
29 creatures vanquished.

Notes
Turn   | Place    | Note
-------+----------+-------------------------------------------
     0 | D:1      | Leeroy the Vine Stalker Skald began the quest for the Orb.
     0 | D:1      | Reached XP level 1. HP: 12/12 MP: 4/4
    72 | D:1      | Reached XP level 2. HP: 17/17 MP: 6/6
   235 | D:1      | Reached XP level 3. HP: 21/21 MP: 7/7
   761 | D:1      | Learned a level 3 spell: Spectral Weapon
   858 | D:2      | Slain by a kobold

Skill      XL: |  1  2 |
---------------+-------+-----
Long Blades    | 2 3 |  3.3
Fighting       | |  1.7
Armour         | |  0.7
Dodging        | |  2.1
Spellcasting   | |  2.1
Hexes          | |  0.7
Charms         | |  3.0

Action                   || total
-------------------------++-------
Melee: Long sword        ||    87
       Bite              ||     7
 Stab: Sleeping          ||     1
  Eat: Chunk             ||     1
Armor: Leather armour    ||    32
Dodge: Dodged            ||    63
